 Dungeon Crawl Stone Soup version 0.27.1-1-g398f81649c (webtiles) character file.

Game seed: 15064464178001904408

102 r3algoood the Magician (level 4, -2/24 HPs)
             Began as a Deep Elf Hedge Wizard on Sept 9, 2021.
             Slain by a gnoll (7 damage)
             ... on level 3 of the Dungeon.
             The game lasted 00:10:54 (3421 turns).

r3algoood the Magician (Deep Elf Hedge Wizard)      Turns: 3421, Time: 00:10:55

Health: -2/24      AC:  2    Str:  7    XL:     4   Next: 49%
Magic:  3/13       EV:  6    Int: 20    God:
Gold:   179        SH:  0    Dex: 14    Spells: 8/14 levels left

rFire    . . .     SeeInvis .   d - +2 dagger (protect)
rCold    . . .     Faith    .   (no shield)
rNeg     . . .     Spirit   .   b - +0 robe
rPois    +         Reflect  .   c - +0 hat
rElec    .         Harm     .   (no cloak)
rCorr    .         Rampage  .   (no gloves)
Will     .....                  (no boots)
Stlth    ++........             (no amulet)
HPRegen  0.08/turn              k - ring of poison resistance
MPRegen  0.13/turn              (no ring)

@: held
A: no striking features
a: no special abilities


You were on level 3 of the Dungeon.
You visited 1 branch of the dungeon, and saw 3 of its levels.

You collected 179 gold pieces.

Inventory:

Hand Weapons
 d - a +2 dagger of protection (weapon)
Armour
 b - a +0 robe (worn)
 c - a +0 hat (worn)
 e - a +2 scale mail of fire resistance
Magical Staves
 n - a staff of death
 o - a staff of death
Jewellery
 k - a ring of poison resistance (left hand)
Scrolls
 g - 2 scrolls of amnesia {unknown}
 j - 2 scrolls of immolation {unknown}
 l - a scroll of silence {unknown}
 p - a scroll of identify {unknown}
Potions
 a - a potion of magic {unknown}
 f - a potion of cancellation {unknown}
 h - a potion of heal wounds {unknown}
 i - a potion of attraction {unknown}
 m - a potion of haste {unknown}
 q - a potion of curing {unknown}


   Skills:
 - Level 2.4 Dodging
 - Level 2.4 Stealth
 + Level 5.5 Spellcasting
 + Level 2.9 Conjurations
 - Level 1.1 Summonings
 + Level 2.8 Translocations


You had 8 spell levels left.
You knew the following spells:

 Your Spells              Type           Power      Damage    Failure   Level
a - Magic Dart            Conj           68%        1d6       3%          1
b - Blink                 Tloc           N/A        N/A       4%          2
c - Mephitic Cloud        Conj/Pois/Air  9%         N/A       22%         3

Your spell library contained the following spells:

 Spells                   Type           Power      Damage    Failure   Level
 Call Imp                 Summ           9%         N/A       11%         2
 Slow                     Hex            5%         N/A       17%         2
 Conjure Flame            Conj/Fire      11%        6-21      19%         3
 Ignite Poison            Fire/Tmut/Pois 5%         N/A       32%         3
 Inner Flame              Hex/Fire       5%         N/A       32%         3
 Cause Fear               Hex            2%         N/A       73%         4
 Bolt of Magma            Conj/Fire/Erth 4%         4d5       90%         5
 Discord                  Hex            2%         N/A       100%        8


Dungeon Overview and Level Annotations

Branches:
Dungeon (3/15)

Altars:


Message History

Casting: Magic Dart (safe; 3% risk of failure)
Confirm with . or Enter, or press ? or * to list all spells.
Aiming: Magic Dart (safe; 3% risk of failure)
Press: ? - help, Shift-Dir - straight line, f/p - gnoll
Aim: a gnoll, wielding a +0 spear (moderately wounded, 100% to hit)
The magic dart hits the gnoll.
The gnoll is heavily wounded.
The gnoll hits you from afar with a +0 spear.
Unknown command.
Casting: Magic Dart (safe; 3% risk of failure)
Confirm with . or Enter, or press ? or * to list all spells.
Aiming: Magic Dart (safe; 3% risk of failure)
Press: ? - help, Shift-Dir - straight line, f/p - gnoll
Aim: a gnoll, wielding a +0 spear (heavily wounded, 100% to hit)
The magic dart hits the gnoll but does no damage.
The gnoll is heavily wounded.
The gnoll hits you from afar with a +0 spear!
Casting: Magic Dart (safe; 3% risk of failure)
Confirm with . or Enter, or press ? or * to list all spells.
Aiming: Magic Dart (safe; 3% risk of failure)
Press: ? - help, Shift-Dir - straight line, f/p - gnoll
Aim: a gnoll, wielding a +0 spear (heavily wounded, 100% to hit)
The magic dart hits the gnoll.
The gnoll is severely wounded.
The gnoll hits you from afar with a +0 spear.
Unknown command.
Casting: Magic Dart (safe; 3% risk of failure)
Confirm with . or Enter, or press ? or * to list all spells.
Aiming: Magic Dart (safe; 3% risk of failure)
Press: ? - help, Shift-Dir - straight line, f/p - gnoll
Aim: a gnoll, wielding a +0 spear (severely wounded, 100% to hit)
The magic dart hits the gnoll.
You kill the gnoll!
You struggle against the net.
The gnoll hits you from afar with a +0 spear.
* * * LOW HITPOINT WARNING * * *
You struggle against the net.
The gnoll barely misses you.
You struggle against the net.
The gnoll hits you from afar with a +0 spear!
You die...

### #.# #.# #.# #.# #.#
###.#####
#############...@...#
.......................>
........#####.#.##g.....
#####.........)......)..
#.........#.....)...
#.........####..#...
#.........# ..#...
#.........# .. ..
#####.#####


You could see a gnoll.

Vanquished Creatures
  3 gnolls
  A worm (D:2)
  3 dart slugs (D:1)
  An orc (D:3)
  6 bats
  7 endoplasms
  A giant cockroach (D:2)
  3 hobgoblins (D:1)
  7 jackals
  7 kobolds
  A quokka (D:3)
  7 ball pythons
  A frilled lizard (D:1)
  6 goblins
  3 rats (D:1)
57 creatures vanquished.

Notes
Turn   | Place    | Note
-------+----------+-------------------------------------------
     0 | D:1      | r3algoood the Deep Elf Hedge Wizard began the quest for the
                  | Orb.
     0 | D:1      | Reached XP level 1. HP: 10/10 MP: 7/7
   209 | D:1      | Reached XP level 2. HP: 15/15 MP: 3/9
   212 | D:1      | Learned a level 2 spell: Blink
  1016 | D:1      | Reached XP level 3. HP: 19/19 MP: 6/11
  1065 | D:1      | Reached skill level 5 in Spellcasting
  1366 | D:1      | Learned a level 3 spell: Mephitic Cloud
  2454 | D:2      | Reached XP level 4. HP: 5/24 MP: 11/13
  3421 | D:3      | Slain by a gnoll

Illustrated notes

Levels and vault maps discovered:
D:1:      eino_arrival_druids_welcome, layout_basic, hangedman_decor_push
D:2:      layout_loops_ring, item_on_display_a
D:3:      layout_basic, uniq_ijyb

Skill      XL: |  1  2  3 |
---------------+----------+-----
Conjurations   | 2 |  2.9
Translocations | 2 |  2.8
Spellcasting   | 5 |  5.5
Dodging        | |  2.4
Stealth        | |  2.4
Summonings     | |  1.1

Action                   |  1- 3 |  4- 6 || total
-------------------------+-------+-------++-------
Melee: Dagger            |    20 |       ||    20
 Cast: Magic Dart        |   114 |    34 ||   148
       Blink             |     2 |     1 ||     3
       Mephitic Cloud    |     2 |       ||     2
Armor: Robe              |    10 |       ||    10
Dodge: Dodged            |    23 |     4 ||    27
